Cogmind - Beta 16.1 @@@ ROGUE MODE // 2026.01.28 @ 16:37:41 Player: MolePlayingNice Result: Destroyed by B-75 Beast with Heavy Plasma Cannon Performance ------------- Evolutions (2) 1000 Regions Visited (8) 1600 Robots Destroyed (82) 410 Value Destroyed (3210) 3210 Prototype IDs (23) 460 Alien Tech Used (0) 0 Bonus (913) 913 TOTAL SCORE: 7593 Bonus ------- High Alert Combat Kills 143 Follower Combat Kills 70 Entered Garrisons 400 Aligned with FarCom 300 Cogmind --------- Core Integrity 0/550 Matter 220/300 Energy 265/265 System Corruption 0% Temperature Cool (12) Movement Treading (240) Ox1 Location -8/Garrison Parts ------- > --- POWER (1) -------- Improved Ion Engine > --- PROPULSION (3) --- Light Treads Light Treads > --- UTILITY (5) ------ Improved Heat Sink High-capacity Storage Unit Improved Targeting Computer Improved Heavy Armor Plating > --- WEAPON (2) ------- Minigun Minigun > --- INVENTORY (20) --- Nuclear Core Light Nuclear Core Light Treads Light Treads Flight Unit Flight Unit Cesium-ion Thruster Improved VTOL Module Medium Matter Pod (100) Advanced Weight Redist. System Improved Terrain Scanner Seismic Detector Cloak of Protection Faulty Advanced Beam Rifle Minigun Grenade Launcher Grenade Launcher Heavy Flail Katana Katana Peak State ------------ > --- POWER ------------ Light Nuclear Core > --- PROPULSION ------- Light Treads Improved Treads Armored Treads > --- UTILITY ---------- Improved Heat Sink Improved Heat Sink High-capacity Storage Unit Light Armor Plating Improved Shield Generator > --- WEAPON ----------- Minigun Katana > --- INVENTORY -------- Light Treads Light Treads Light Treads Improved Treads Cesium-ion Thruster Improved VTOL Module Improved Heat Sink Large Storage Unit Advanced Visual Processing Unit Improved Terrain Scanner Seismic Detector Cloak of Protection Minigun Minigun Minigun Minigun Grenade Launcher Grenade Launcher Heavy Flail Katana [Rating: 32] Favorites ----------- Power Ion Engine Engine Ion Engine Power Core Light Nuclear Core Propulsion Light Treads Treads Light Treads Leg Improved Aluminum Leg Wheel Wheel Utility Improved Heat Sink Device Improved Heat Sink Storage High-capacity Storage Unit Processor Improved Targeting Computer Protection Light Armor Plating Weapon Light Assault Rifle Energy Gun Particle Gun Energy Cannon Beam Cannon Ballistic Gun Light Assault Rifle Launcher Grenade Launcher Special Weapon Mining Laser Impact Weapon Heavy Flail Slashing Weapon Katana Build | -11 -10 -10 -10 -9 -8 -8 -8 -8 ------- Run | Yrd Mat Min Exi Min Mat Gar Mat Gar Slots Evolved 4 | . . . . . 4 . . . Power . | . . . . . . . . . Propulsion 1 | . . . . . 1 . . . Utility 3 | . . . . . 3 . . . Weapon . | . . . . . . . . . Parts Attached 63 | . 11 3 1 4 7 11 23 3 Power 5 | . 1 . . . . 1 3 . Engine 3 | . 1 . . . . . 2 . Core 2 | . . . . . . 1 1 . Reactor . | . . . . . . . . . Propulsion 16 | . 2 . . 3 1 2 6 2 Treads 12 | . 2 . . . . 2 6 2 Leg 2 | . . . . 2 . . . . Wheel 2 | . . . . 1 1 . . . Hover . | . . . . . . . . . Flight . | . . . . . . . . . Utility 19 | . 1 1 1 . 4 5 6 1 Device 13 | . 1 1 . . 3 4 4 . Storage 1 | . . . 1 . . . . . Processor 1 | . . . . . . . 1 . Hackware . | . . . . . . . . . Protection 4 | . . . . . 1 1 1 1 Artifact . | . . . . . . . . . Weapon 23 | . 7 2 . 1 2 3 8 . Energy Gun 1 | . 1 . . . . . . . Energy Cannon 1 | . . . . 1 . . . . Ballistic Gun 15 | . 5 1 . . 1 2 6 . Ballistic Cannon . | . . . . . . . . . Launcher 2 | . . 1 . . . 1 . . Special Weapon 1 | . 1 . . . . . . . Impact Weapon 1 | . . . . . . . 1 . Slashing Weapon 2 | . . . . . 1 . 1 . Piercing Weapon . | . . . . . . . . . Special Melee Weapon . | . . . . . . . . . Unidentified Prototypes . | . . . . . . . . . Parts Lost 21 | . 2 . . 1 . 1 15 2 Power 3 | . 1 . . . . . 2 . Propulsion 7 | . 1 . . 1 . . 4 1 Utility 8 | . . . . . . 1 6 1 Weapon 3 | . . . . . . . 3 . Highest Loss Streak 6 | . 1 . . 1 . 1 6 2 To Critical Strikes 2 | . . . . . . . 2 . Average Backups 13 | 6 7 8 8 12 15 19 18 20 Power . | 1 . 1 1 1 1 1 . 2 Propulsion 2 | 4 1 1 1 1 2 3 5 5 Utility 3 | . 1 2 2 4 4 6 5 5 Weapon 5 | 1 3 4 4 5 8 8 7 7 Tool/Special . | . . . . . . . . . Unused Backups 32 | . 6 . . . . 2 11 13 Power 6 | . 1 . . . . 1 3 1 Propulsion 16 | . 4 . . . . 1 5 6 Utility 8 | . 1 . . . . . 2 5 Weapon 2 | . . . . . . . 1 1 Tool/Special . | . . . . . . . . . Average Slot Usage (%) 97 | . 99 100 100 99 97 99 88 98 Engine 9 | . 13 14 14 14 9 3 1 9 Core 1 | . . . . . . 5 4 . Treads 20 | . 23 28 28 19 . 7 23 27 Leg 2 | . 4 . . 6 10 1 . . Wheel 4 | . . . . 1 16 18 1 . Device 19 | . 13 14 14 14 33 27 23 25 Storage 11 | . 14 14 14 14 9 9 9 9 Processor 1 | . . . . . . . 3 9 Protection 2 | . . . . . . 8 4 . Energy Gun 3 | . . 12 14 9 5 . . . Energy Cannon 2 | . . . . 12 9 3 . . Ballistic Gun 14 | . 25 11 14 6 1 9 12 13 Slashing Weapon 1 | . . . . . 1 3 3 4 Peak Build Rating 32 | 6 8 10 11 12 25 31 32 32 Average Rating 16 | 6 6 8 10 11 22 27 26 28 On Entrance 14 | 6 6 7 10 11 12 25 26 31 Avg Prop Armor Cover (%) 7 | . . . . 9 8 7 7 . Naked Turns . | . . . . . . . . . Heaviest Build 61 | 11 16 17 50 52 57 61 60 56 Greatest Support 63 | 20 40 40 40 40 22 22 63 63 Greatest Overweight (x) 5 | . . . 1 4 5 2 4 . Average Overweight (x) . | . . . . 1 2 2 . . Largest Inventory Capacity 20 | 8 8 8 20 20 20 20 20 20 Average Capacity 15 | 8 8 8 14 20 20 20 20 20 Most Carried 20 | 6 8 8 10 14 19 20 20 20 Average Carried 13 | 6 7 8 8 12 15 19 18 19 Final Capacity 20 | 8 8 8 20 20 20 20 20 20 Final Carried 20 | 6 8 8 10 14 19 20 20 20 Class Distribution -------------------- 61% | Mutant 26% | Scavenger-Mutant 7% | Scavenger-Skirmisher Dominant Class ---------------- Mutant | -10/Materials Mutant | -10/Mines Mutant | -10/Exiles Mutant | -9/Mines Scavenger-Skirmisher | -8/Materials Scavenger-Mutant | -8/Garrison Scavenger-Mutant | -8/Materials Scavenger-Mutant | -8/Garrison Resources | -11 -10 -10 -10 -9 -8 -8 -8 -8 ----------- Run | Yrd Mat Min Exi Min Mat Gar Mat Gar Matter Collected 2521 | 200 562 61 . 76 116 347 1067 92 Remotely . | . . . . . . . . . Salvage Created 2905 | . 820 37 . 184 58 527 1187 92 Parts 160 | . 36 7 . 11 3 30 65 8 Haulers Intercepted 2 | . 1 . . . . . 1 . Recyclers Shooed 1 | . . 1 . . . . . . Parts Field Recycled . | . . . . . . . . . Retrieved Matter . | . . . . . . . . . Parts Self-Destructed . | . . . . . . . . . Prevented . | . . . . . . . . . Parts Restored . | . . . . . . . . . Kills | -11 -10 -10 -10 -9 -8 -8 -8 -8 ------- Run | Yrd Mat Min Exi Min Mat Gar Mat Gar Combat Hostiles Destroyed 72 | . 17 3 . 5 1 17 25 4 Melee 3 | . . . . . . . 3 . Guns 50 | . 17 3 . 1 . 8 17 4 Cannons 4 | . . . . 1 1 2 . . AOE 11 | . . . . 3 . 6 2 . Classes Destroyed 12 | . 6 . . 2 1 1 2 . Worker 1 | . 1 . . . . . . . Builder 1 | . . . . . . . 1 . Tunneler 1 | . . . . 1 . . . . Hauler 2 | . 1 . . . . . 1 . Recycler 2 | . 2 . . . . . . . Operator 3 | . 1 . . . . . 2 . Swarmer 18 | . 5 3 . . . 4 3 3 Grunt 38 | . 12 . . 4 . 8 14 . Brawler 2 | . . . . . . 2 . . Duelist 4 | . . . . 1 . 1 2 . Protector 1 | . . . . . . . 1 . Sentry 9 | . . . . . 1 2 5 1 Best Kill Streak 9 | . 5 1 . 3 1 9 5 3 Combat Bots Only 9 | . 4 1 . 3 1 9 5 3 Max Kills in Single Turn 2 | . 2 1 . 1 1 2 2 1 Gunslinging . | . . . . . . . . . Exploded 2 | . . . . 1 . 2 2 . Melee 1 | . . . . . . . 1 . Uniques/NPCs Destroyed . | . . . . . . . . . Combat | -11 -10 -10 -10 -9 -8 -8 -8 -8 -------- Run | Yrd Mat Min Exi Min Mat Gar Mat Gar Hostile Shots Fired 447 | . 95 14 . 13 8 68 216 33 Missed 131 | . 34 3 . 4 4 15 59 12 Hits 316 | . 61 11 . 9 4 53 157 21 Melee 13 | . . . . . . 7 6 . Projectile 303 | . 61 11 . 9 4 46 151 21 Critical Strikes 14 | . 1 . . . . 6 7 . Damage Taken 4369 | . 638 85 . 128 62 734 2099 623 Core 671 | . 77 9 . 27 48 115 231 164 Absorbed by Shields 575 | . . . . . . 208 367 . Core Remaining (%) 77 | 100 . . . 54 . . . . Volleys Fired 263 | . 87 6 . 12 7 47 90 14 Largest 2 | . 2 2 . 2 1 2 2 2 Hottest 125 | . 100 85 . 125 60 85 85 50 Shots Fired 490 | . 167 12 . 21 7 81 174 28 Gun 420 | . 160 12 . 9 . 39 172 28 Cannon 50 | . . . . 9 7 34 . . Launcher 13 | . . . . 3 . 8 2 . Special 7 | . 7 . . . . . . . Kinetic 396 | . 160 6 . 2 . 39 161 28 Thermal 81 | . 7 6 . 16 7 34 11 . Explosive 13 | . . . . 3 . 8 2 . Electromagnetic . | . . . . . . . . . Robot Hit Streak 17 | . 9 3 . 4 4 12 17 10 Robot Miss Streak 6 | . 6 3 . 3 1 5 4 1 Penetration Max . | . . . . . . . . . Secondary Targets 5 | . 2 . . . . . 3 . Max Gunslinging Chain 1 | . 1 . . . . . 1 . Shots Hit Robots 320 | . 93 6 . 8 5 50 135 23 Core Hits 152 | . 41 4 . 10 2 37 49 9 Critical Kills 3 | . . . . . . 2 1 . Critical Parts Destroyed 1 | . . . . . . . 1 . Critical Strikes 4 | . . . . . . 2 2 . Meltdown 1 | . . . . . . 1 . . Destroy 1 | . . . . . . 1 . . Smash 2 | . . . . . . . 2 . Melee Attacks 53 | . . . . . 3 18 31 1 Impact 14 | . . . . . . . 14 . Slashing 39 | . . . . . 3 18 17 1 Piercing . | . . . . . . . . . Sneak Attacks 6 | . . . . . . . 6 . Combat Hostiles . | . . . . . . . . . Follow-up Attacks . | . . . . . . . . . Damage Inflicted 6412 | . 1122 79 . 318 105 1446 2938 404 Guns 4047 | . 1097 76 . 43 . 594 1833 404 Cannons 543 | . . . . 88 70 385 . . Explosions 790 | . . . . 187 . 467 136 . Melee 1004 | . . . . . 35 . 969 . Ramming 28 | . 25 3 . . . . . . Kinetic 3857 | . 1097 13 . . . 594 1749 404 Thermal 733 | . . 63 . 131 70 385 84 . Explosive 790 | . . . . 187 . 467 136 . Electromagnetic . | . . . . . . . . . Impact 542 | . . . . . . . 542 . Slashing 462 | . . . . . 35 . 427 . Piercing . | . . . . . . . . . Highest Corruption . | . . . . . . . . . Average Corruption . | . . . . . . . . . Corruption Purged . | . . . . . . . . . Corruption Blocked . | . . . . . . . . . Overload Shots . | . . . . . . . . . Overflow Damage 314 | . . . . . . . 314 . Projectiles . | . . . . . . . . . Explosions . | . . . . . . . . . Melee 314 | . . . . . . . 314 . Knockbacks 2 | . . . . . . . 2 . Impact 2 | . . . . . . . 2 . Kinetic . | . . . . . . . . . Secondary . | . . . . . . . . . Self-Inflicted Damage 21 | . . . . . . 21 . . Shots 1 | . . . . . . 1 . . Rammed 3 | . 2 1 . . . . . . Targets Rammed 5 | . 4 1 . . . . . . Kicked 2 | . 2 . . . . . . . Crushed . | . . . . . . . . . Highest Temperature 105 | . 10 48 . 105 . 3 12 3 Average Temperature 31 | . 6 21 . 43 . 3 7 3 Received Heat Transfer 1606 | . 255 . . 69 18 230 944 90 Siege Activations . | . . . . . . . . . Martial Activations . | . . . . . . . . . Shielding Activations . | . . . . . . . . . Robots Disrupted . | . . . . . . . . . Combat Hostiles . | . . . . . . . . . Robots Corrupted 4 | . . . . . . . 4 . Combat Hostiles 3 | . . . . . . . 3 . Parts Fried 7 | . . . . . . . 7 . Impact Corruptions 8 | . . . . . . . 8 . Robots Melted 1 | . . . . . . 1 . . Combat Hostiles 1 | . . . . . . 1 . . Parts Melted 1 | . . . . . . 1 . . Heat Transferred 1591 | . . 148 . 296 148 814 185 . Parts Sabotaged . | . . . . . . . . . Parts Stolen . | . . . . . . . . . Parts Stripped . | . . . . . . . . . Power Chain Reactions . | . . . . . . . . . Alert | -11 -10 -10 -10 -9 -8 -8 -8 -8 ------- Run | Yrd Mat Min Exi Min Mat Gar Mat Gar Maximum Alert Level 2 | . . . . . . 2 2 1 Low Security (%) 62 | 100 100 100 . 100 100 45 . . Level 1 23 | . . . . . . 7 73 100 Level 2 14 | . . . . . . 46 26 . Level 3 . | . . . . . . . . . Level 4 . | . . . . . . . . . Level 5 . | . . . . . . . . . High Security . | . . . . . . . . . Max Security . | . . . . . . . . . Peak Influence 697 | . 162 60 . 84 31 697 441 332 Initial 339 | . . . . . 8 . 339 237 Average 186 | . 67 11 . 23 5 343 382 306 Influence Increases 2367 | . 541 100 . 139 66 747 679 95 Destroy 0b10 Robot/C 1460 | . 340 60 . 100 20 380 480 80 Destroy 0b10 Robot/NC 55 | . 25 . . 5 . . 25 . Destroy Leader 274 | . 92 10 . 20 10 20 112 10 Allied During Kill 10 | . . . . . . 10 . . Successful Hack 49 | . 16 . . . 5 14 14 . Select Force Hacks 30 | . 30 . . . . . . . Disable Machine 60 | . . . . . 15 45 . . Anti-Garrison Action 200 | . . . . . . 200 . . Destroy Structure 124 | . 8 . . 14 1 78 18 5 Partial Spotted 30 | . 15 . . . 15 . . . Lose Combat Pursuer 75 | . 15 30 . . . . 30 . Influence Decreases 2055 | . 541 100 . 116 89 50 1010 149 Entered New Map 502 | . . . . . 15 . 358 129 Time Decay 1313 | . 521 100 . 116 74 . 502 . Lost Part 200 | . 20 . . . . 10 150 20 Lost Ally 40 | . . . . . . 40 . . Squads Dispatched 14 | . 5 . . . 1 . 8 . Investigation 5 | . 3 . . . . . 2 . Extermination . | . . . . . . . . . Reinforcement 5 | . 2 . . . 1 . 2 . Assault 1 | . . . . . . . 1 . Garrison 3 | . . . . . . . 3 . Intercept . | . . . . . . . . . Searches Triggered . | . . . . . . . . . Construction Impeded . | . . . . . . . . . Haulers Reinforced . | . . . . . . . . . Active Scanning Responses . | . . . . . . . . . Cargo Convoy Interrupts . | . . . . . . . . . Stealth | -11 -10 -10 -10 -9 -8 -8 -8 -8 --------- Run | Yrd Mat Min Exi Min Mat Gar Mat Gar Distress Signals 5 | . 2 . . . . . 3 . Communications Jammed . | . . . . . . . . . Distress Signals . | . . . . . . . . . Times Spotted 111 | . 33 6 . 5 2 19 41 5 Peak Tracking Total 7 | . 4 7 . 3 1 4 5 3 Tactical Retreats 5 | . 3 1 . . . . 1 . Traps | -11 -10 -10 -10 -9 -8 -8 -8 -8 ------- Run | Yrd Mat Min Exi Min Mat Gar Mat Gar Traps Triggered 13 | . 4 . . . . 6 1 2 Indirectly . | . . . . . . . . . Trap Hack Attempts . | . . . . . . . . . Triggered . | . . . . . . . . . Disarmed . | . . . . . . . . . Reprogrammed . | . . . . . . . . . Reused . | . . . . . . . . . Traps Extracted . | . . . . . . . . . Installed . | . . . . . . . . . Triggered . | . . . . . . . . . Machines | -11 -10 -10 -10 -9 -8 -8 -8 -8 ---------- Run | Yrd Mat Min Exi Min Mat Gar Mat Gar Machines Disabled 8 | . 1 . . . 1 6 . . Max in Single Turn 1 | . 1 . . . 1 1 . . Garrison Relay 3 | . . . . . . 3 . . Machines Repaired . | . . . . . . . . . Machines Dismantled . | . . . . . . . . . Machines Sabotaged . | . . . . . . . . . Overloaded Fab Kills . | . . . . . . . . . Hacking | -11 -10 -10 -10 -9 -8 -8 -8 -8 --------- Run | Yrd Mat Min Exi Min Mat Gar Mat Gar Machines Accessed 17 | . 6 . 2 . 4 2 3 . Terminals 11 | . 4 . . . 3 2 2 . Fabricators . | . . . . . . . . . Repair Stations . | . . . . . . . . . Recycling Units 2 | . 2 . . . . . . . Scanalyzers . | . . . . . . . . . Garrison Access 2 | . . . . . 1 . 1 . Total Hacks 37 | . 12 . 2 . 10 5 8 . Successful 18 | . 5 . 2 . 6 1 4 . Failed 19 | . 7 . . . 4 4 4 . Catastrophic 3 | . 3 . . . . . . . Database Lockouts . | . . . . . . . . . Manual 29 | . 12 . 1 . 7 2 7 . Terminals 30 | . 9 . . . 9 5 7 . Fabricators . | . . . . . . . . . Repair Stations . | . . . . . . . . . Recycling Units 3 | . 3 . . . . . . . Scanalyzers . | . . . . . . . . . Garrison Access 2 | . . . . . 1 . 1 . Terminal Hacks 7 | . 2 . 2 . 1 1 1 . Record 1 | . . . 1 . . . . . Part Schematic 1 | . 1 . . . . . . . Emergency Access Points 1 | . . . . . . 1 . . Recycling Unit Index 1 | . 1 . . . . . . . Hauler Manifests 1 | . . . . . . . 1 . Zone Layout 1 | . . . . . 1 . . . Proto ID Catalog 1 | . . . 1 . . . . . Fabricator Hacks . | . . . . . . . . . Repair Station Hacks . | . . . . . . . . . Recycling Unit Hacks . | . . . . . . . . . Scanalyzer . | . . . . . . . . . Garrison Access Hacks 2 | . . . . . 1 . 1 . Unlock Access 2 | . . . . . 1 . 1 . Unauthorized Hacks 9 | . 3 . . . 4 . 2 . Terminals 8 | . 2 . . . 4 . 2 . Botnet 4 | . 1 . . . 2 . 1 . Operators 4 | . 1 . . . 2 . 1 . Fabricators . | . . . . . . . . . Repair Stations . | . . . . . . . . . Recycling Units 1 | . 1 . . . . . . . Tunnel 1 | . 1 . . . . . . . Scanalyzers . | . . . . . . . . . Garrison Access . | . . . . . . . . . Data Cores Recovered . | . . . . . . . . . Used . | . . . . . . . . . Hacking Detections 12 | . 4 . . . 3 2 3 . Full Trace Events 3 | . 1 . . . . 1 1 . Feedback Events . | . . . . . . . . . Feedback Blocked . | . . . . . . . . . Robot Schematics Acquired . | . . . . . . . . . Robots Built . | . . . . . . . . . Authchips . | . . . . . . . . . Time . | . . . . . . . . . Total Robot Build Rating . | . . . . . . . . . Part Schematics Acquired 1 | . 1 . . . . . . . Parts Built . | . . . . . . . . . Authchips . | . . . . . . . . . Time . | . . . . . . . . . Total Part Build Rating . | . . . . . . . . . Part Studies Acquired . | . . . . . . . . . Parts Repaired . | . . . . . . . . . Time . | . . . . . . . . . Parts Recycled . | . . . . . . . . . Recycled Matter . | . . . . . . . . . Retrieved Matter . | . . . . . . . . . Retrieved Components . | . . . . . . . . . Parts Scanalyzed . | . . . . . . . . . Part Schematics Acquired . | . . . . . . . . . Parts Damaged . | . . . . . . . . . Bothacking | -11 -10 -10 -10 -9 -8 -8 -8 -8 ------------ Run | Yrd Mat Min Exi Min Mat Gar Mat Gar Used RIF Installer . | . . . . . . . . . Robots Hacked . | . . . . . . . . . Non-combat . | . . . . . . . . . Combat . | . . . . . . . . . Robot Hacks Applied . | . . . . . . . . . Relay Couplers Released 12 | . . . . . . 12 . . Machine Destruction 12 | . . . . . . 12 . . Fabnet Peak Effective % . | . . . . . . . . . Robots Rewired 2 | . . . . . . 2 . . Allies Hacked . | . . . . . . . . . Hacks Repelled . | . . . . . . . . . Allies | -11 -10 -10 -10 -9 -8 -8 -8 -8 -------- Run | Yrd Mat Min Exi Min Mat Gar Mat Gar Total Allies 2 | . . . . . . 2 . . Largest Group 2 | . . . . . . 2 . . Highest-Rated Group 51 | . . . . . . 51 . . Highest-Rated Ally 31 | . . . . . . 31 . . Initial Warlord ECA Mod 7 | . . . . . . . 7 7 Total Orders . | . . . . . . . . . Ally Attacks 5 | . . . . . . 5 . . Total Damage 137 | . . . . . . 137 . . Kills 2 | . . . . . . 2 . . Allies Corrupted . | . . . . . . . . . Allies Melted . | . . . . . . . . . Intel | -11 -10 -10 -10 -9 -8 -8 -8 -8 ------- Run | Yrd Mat Min Exi Min Mat Gar Mat Gar Active Infowar (turns) 694 | . . . . . 483 11 199 1 Terrain 694 | . . . . . 483 11 199 1 Robot Analysis Total . | . . . . . . . . . Derelict Logs Recovered 1 | . . . . 1 . . . . Drone Launches . | . . . . . . . . . Drone Recoveries . | . . . . . . . . . Exploration | -11 -10 -10 -10 -9 -8 -8 -8 -8 ------------- Run | Yrd Mat Min Exi Min Mat Gar Mat Gar Turns Passed 6253 | 3 1731 365 790 425 484 864 1353 238 Spaces Moved 2931 | 3 859 210 400 174 190 472 508 115 Core . | . . . . . . . . . Treads 2014 | . 719 210 400 107 . . 463 115 Legs 167 | 3 140 . . 24 . . . . Wheels 750 | . . . . 43 190 472 45 . Hover . | . . . . . . . . . Flight . | . . . . . . . . . Fastest Speed 115 | 120 120 160 160 140 115 115 115 160 Average Speed 158 | 120 153 160 197 218 120 115 172 160 Slowest Speed 260 | 120 160 160 240 260 155 115 245 163 Overloaded Moves . | . . . . . . . . . Propulsion Burnouts . | . . . . . . . . . Robots Hopped . | . . . . . . . . . Potential Cave-ins . | . . . . . . . . . Cave-ins Triggered . | . . . . . . . . . Exploration Rate (%) 42 | 2 97 31 70 51 16 73 31 15 Regions Visited 8 Branch Regions 3 Pre-discovered Areas 2 | . 1 . 1 . . . . . Known Exits Taken 2 | . . . . . 1 . 1 . Unknown Exits Taken 5 | 1 1 1 1 1 . . . . Scrap Searched 2 | . . 1 . 1 . . . . Spaces Dug 21 | . 7 . . . 1 7 6 . Terrain Destroyed 62 | . 7 . . 23 1 13 18 . Melee 8 | . . . . . 1 1 6 . Projectile 7 | . 7 . . . . . . . AOE 47 | . . . . 23 . 12 12 . Terrain Rammed . | . . . . . . . . . Walls Destroyed . | . . . . . . . . . Machines Disabled . | . . . . . . . . . Actions | -11 -10 -10 -10 -9 -8 -8 -8 -8 --------- Run | Yrd Mat Min Exi Min Mat Gar Mat Gar Total 3962 | 2 1093 226 403 196 430 681 786 145 Wait 430 | . 112 1 . . 213 27 76 1 Move 2925 | 2 858 209 399 173 190 471 508 115 Hop . | . . . . . . . . . Pick Up 60 | . 10 . 2 5 8 8 24 3 Fast Attach 21 | . 6 . . . 1 6 6 2 Attach 19 | . 4 . . 1 3 1 9 1 Detach . | . . . . . . . . . Swap 65 | . 6 7 1 5 5 19 19 3 Drop 48 | . 6 2 1 . . 11 23 5 Fire 263 | . 87 6 . 12 7 47 90 14 Melee 53 | . . . . . 3 18 31 1 Ram . | . . . . . . . . . Kick 2 | . 2 . . . . . . . Crush 3 | . 2 1 . . . . . . Escape Stasis 44 | . . . . . . 44 . . Rewire 29 | . . . . . . 29 . . Trap . | . . . . . . . . . Miscellaneous . | . . . . . . . . . Route ------- -11/Scrapyard -10/Materials (discovered 6 exits: [*Mat x3] / [*Min x2] / [*Sub]) -10/Mines -10/Exiles -9/Mines -8/Materials -8/Garrison (discovered 2 exits: *Mat x2) -8/Materials -8/Garrison History --------- Turn | Location | Event 1 | -11/Scrapyard | Discovered new exit (range 3) 4 | -11/Scrapyard | Entered Materials 136 | -10/Materials | Discovered new exit (range 11) 271 | -10/Materials | Discovered new exit (range 10) 309 | -10/Materials | Build established: Mutant 399 | -10/Materials | Discovered new exit (range 16) 528 | -10/Materials | Discovered new exit (range 16) 804 | -10/Materials | Derelicts attacked the area 838 | -10/Materials | Discovered new exit (range 9) 1553 | -10/Materials | Discovered new exit (range 7) 1735 | -10/Materials | Entered Mines 1759 | -10/Mines | Met a Derelict bent on vengeance 1910 | -10/Mines | Assembled infested the area 1946 | -10/Mines | Met 8R-AWN 2093 | -10/Mines | Discovered new exit (range 5) 2100 | -10/Mines | Entered Exiles 2144 | -10/Exiles | Welcomed by 8R-AWN 2164 | -10/Exiles | Met EX-HEX 2227 | -10/Exiles | Met EX-DEC 2240 | -10/Exiles | Learned location of Zion (-6) 2313 | -10/Exiles | Discovered new exit (range 10) 2541 | -10/Exiles | Met EX-BIN 2580 | -10/Exiles | Aligned with FarCom system 2582 | -10/Exiles | Given EX-Vault access code 2640 | -10/Exiles | Opened EX-Vault 2659 | -10/Exiles | Found Cloak of Protection 2710 | -10/Exiles | Warned to stay clear of 0b10 Research branches 2890 | -10/Exiles | Left Exiles lab with Cloak of Protection 2890 | -10/Exiles | Entered Mines 2936 | -9/Mines | Learned Materials emergency access door positions 3301 | -9/Mines | Discovered new exit (range 9) 3315 | -9/Mines | Entered Materials 3315 | -8/Materials | Evolved 4 slots: Propulsion x1, Utility x3 3799 | -8/Materials | Identified exit to Garrison 3799 | -8/Materials | Entered Garrison 3873 | -8/Garrison | Garrison Relay disabled 4089 | -8/Garrison | Triggered checkpoint 4279 | -8/Garrison | Triggered checkpoint 4330 | -8/Garrison | Destroyed 9 combat bots 4386 | -8/Garrison | Discovered new exit (range 10) 4394 | -8/Garrison | Build established: Scavenger-Mutant 4441 | -8/Garrison | Triggered checkpoint 4539 | -8/Garrison | Garrison Relay disabled 4574 | -8/Garrison | Discovered new exit (range 10) 4651 | -8/Garrison | Triggered checkpoint 4663 | -8/Garrison | Entered Materials 4715 | -8/Materials | Garrison activated, responded to threat 4859 | -8/Materials | Lost 6 parts (2n3u1w) 5063 | -8/Materials | First assault squad dispatched 5324 | -8/Materials | Core integrity fell below 50% 5380 | -8/Materials | Lost 6 parts (1p1n2u2w) 5641 | -8/Materials | Build established: Mutant 6016 | -8/Materials | Identified exit to Garrison 6016 | -8/Materials | Entered Garrison 6217 | -8/Garrison | Spotted B-75 Beast 6226 | -8/Garrison | Core integrity fell below 20% 6254 | -8/Garrison | Destroyed by B-75 Beast with Heavy Plasma Cannon Last Messages --------------- 06080_ S-10 Pest destroyed. 06089_ Acquired 12 matter. 06092_ Acquired 11 matter. 06094_ Acquired 5 matter. 06097_ Dropped Imp. Treads. 06099_ Acquired Flight Unit. 06110_ Dropped Grenade Launcher. 06111_ Acquired Flight Unit. 06112_ Dropped Adv. Visual Processing Unit. 06114_ Acquired Grenade Launcher. 06175_ Acquired 6 matter. 06217_ Triggered Alarm Trap. 06217_ An alarm sounds. 06225_ Triggered Fusion Bomb Trap. 06225_ An explosion rips through the floor. 06225_ Imp. Heat Sink destroyed. 06232_ The unstable cave ceiling collapses. 06233_ Dropped Imp. Heat Sink. 06234_ Acquired Imp. Heavy Armor Plating. 06250_ Lgt. Treads destroyed. Map ----- +----------------------------------------------------+ | ???????????????????????????????????# #?????????#! | | ???????????????????????????????????# #??????????# | | ???????????????????????????????????# ############ | | ???????????????????????????????????# + !*" =[ | | ???????????????????????????????????# ##### ###### | | ???????????????????????????????????# #???# #????? | | ???????????????????????????????????# #???# #????? | | ???????????????????????????????????# #???# #????? | | ?????????????????????????# ######## ##### ###### | | ?????????????????????????# [ = | | ?????????????????????????# [ ! | | ???????????????????????????######### ######## ## | | ???????????????????????????????????# #??????#### | | ???????????????????????????????????# #?????????# | | ???????????????????????????????????# #?????????# | | ???????????????????????????????????# #?????????# | | ???????????????????????????????????# #?????????# | | ????????????????????????#######????# #?????????# | | ????????????????????????#! !!!####?# #?????????# | | ????????????????????????#! !## ### #?????????# | | ????????????????????????#! % ## #?##??????## | | ????????????????????????# BB + + #???????? | | ????????????????????????# BB " " #???????? | | ????????????????????????#!% #### ####???????? | | ????????????????????????#! [ ###! !#?????????? | | ????????????????????????#@![[[ ##! !#?????????? | | ????????????????????????# ########?????????? | | ????????????????????????##% ## ##????????????????? | | ?????????????????????????# #?????????????????? | | ????????????????????????? ?????????????????? | | ????????????????????????# ##### #????????????????? | | ????????????????????????# ????? #????????????????? | | ????????????????????????# ????? #????????????????? | | ????????????????????????# ????? #????????????????? | | ????????????????????????"!?????!"????????????????? | | ????????????????????????""??????"????????????????? | | ????????????????????????##??????#????????????????? | | ?????????????????????????????????????????????????? | | ?????????????????????????????????????????????????? | | ?????????????????????????????????????????????????? | | ?????????????????????????????????????????????????? | | ?????????????????????????????????????????????????? | | ?????????????????????????????????????????????????? | | ?????????????????????????????????????????????????? | | | | | | | | | | | | | +----------------------------------------------------+ Best States ------------- Heat Dissipation 73 Energy Generation 14 Energy Capacity 265 Matter Stores 300 Matter Capacity 300 Sight Range 16 Terrain Scan Range 16 Terrain Scan Density 10 Armor Coverage 600 Resistance: EM 15 Evasion (%) 55 Targeting Accuracy 6 Recoil Reduction 3 Item Schematics ----------------- Hcp. Storage Unit | -10/Materials | Hacked Robot Schematics ------------------ None Fabricated ------------ Nothing Repaired ---------- Nothing Studied --------- None Alien Tech Used ----------------- None Achievements -------------- None Challenges ------------ None Game ------ Seed BraceFireNanosword Manual? 0 Play Time 00:40:39 Cumulative 432.0 hours Start 2026.01.28 @ 15:50:45 End 2026.01.28 @ 16:37:41 Sessions 1 Manual Loads 0 Difficulty Rogue Special Mode None Game No. 146 Rogue 146 Adventurer 0 Explorer 0 Win Type - Total 15 Types 4/0/6/0/1/0/2/0/1/1 Lore% 81 Gallery% 87 Achievement% 74 Wizard Run 0 Options --------- Layout 1 ASCII 0 Keyboard 1 Movement Arrows Keybinds 0 Fullscreen 1 Font 24/Smallcaps Map View 50x35 Zoom Use 0% Tactical HUD 1 Map Filters NONE Filters NONE Steam 1 RUN: 51ef4d88-7ca4-47bf-8585-e3cfc028990c